PCL
MILE HIGH BRONCOS @ MEXICO CITY CERVECEROS
09/16/2025
 
TOP OF THE 1ST
Mile High Broncos batting - Pitching for Mexico City Cerveceros : RHP Honorato Mota
Pitching: RHP Honorato Mota
Batting: RHB Francisco Medina 0-0: Ball
1-0: Ball
2-0: Foul Ball, location: 2F
2-1: Ball
3-1: Swinging Strike
3-2: Foul Ball, location: 2F
3-2: Foul Ball, location: 2F
3-2: Base on Balls
Batting: RHB José Herrera 0-0: Called Strike
0-1: Ball
1-1: Ball
2-1: Swinging Strike
2-2: Strikes out looking
Batting: RHB Su-kweon Yu 0-0: Called Strike
0-1: Ball
Balk!
Francisco Medina to second
1-1: Fly out, F9 (Flyball, 89M)
Batting: RHB António Martínez 0-0: Foul Ball, location: 2F
0-1: Ball
1-1: Swinging Strike
1-2: Strikes out swinging
Top of the 1st over - 0 run(s), 0 hit(s), 0 error(s), 1 left on base; Mile High 0 - Mexico City 0
BOTTOM OF THE 1ST
Mexico City Cerveceros batting - Pitching for Mile High Broncos : RHP Fernand Picard
Pitching: RHP Fernand Picard
Batting: RHB Henning Huisman 0-0: Foul Ball, location: 2F
0-1: Foul Ball, location: 2F
0-2: Foul Ball, location: 2F
0-2: SINGLE (Line Drive, 6D)
Batting: LHB Juan García 0-0: Ground out 4-3 (Groundball, 4M)
Henning Huisman to second
Batting: RHB Murai Ishihara 0-0: Ball
1-0: Ball
2-0: Ground out 6-3 (Groundball, 6)
Batting: RHB Dave Morgan 0-0: Called Strike
0-1: Ball
1-1: Called Strike
1-2: Ball
2-2: Foul Ball, location: 2F
2-2: Foul Ball, location: 2F
2-2: Foul Ball, location: 2F
2-2: Strikes out swinging
Bottom of the 1st over - 0 run(s), 1 hit(s), 0 error(s), 1 left on base; Mile High 0 - Mexico City 0
TOP OF THE 2ND
Mile High Broncos batting - Pitching for Mexico City Cerveceros : RHP Honorato Mota
Batting: LHB Bill Houston 0-0: Ball
1-0: Ball
2-0: Foul Ball, location: 2F
2-1: Ground out 4-3 (Groundball, 34)
Batting: RHB Matt Silver 0-0: Called Strike
0-1: Swinging Strike
0-2: SOLO HOME RUN (Flyball, 7D), Distance : 357 ft
Batting: SHB Tom Stevens 0-0: Called Strike
0-1: Called Strike
0-2: Foul Ball, location: 2F
0-2: SINGLE (Line Drive, 6MD)
Batting: RHB José Rodríguez 0-0: Ball
1-0: Called Strike
1-1: Foul Ball, location: 2F
1-2: Ball
2-2: Strikes out swinging
Batting: SHB Paco Martínez 0-0: Ball
1-0: Ball
2-0: Called Strike
2-1: Fielders Choice at 2nd, U6 (Groundball, 6M)
Top of the 2nd over - 1 run(s), 2 hit(s), 0 error(s), 1 left on base; Mile High 1 - Mexico City 0
BOTTOM OF THE 2ND
Mexico City Cerveceros batting - Pitching for Mile High Broncos : RHP Fernand Picard
Batting: LHB Brandon Cummings 0-0: Called Strike
0-1: Called Strike
0-2: Strikes out swinging
Batting: RHB Jesús Torres 0-0: Ball
1-0: Ball
2-0: Ball
3-0: Base on Balls
Batting: RHB Jorge González 0-0: Called Strike
0-1: Swinging Strike
0-2: Foul Ball, location: 2F
0-2: Ball
1-2: Strikes out swinging
Batting: RHB Orlando González 0-0: Called Strike
0-1: Foul Ball, location: 2F
0-2: Ground out 5-3 (Groundball, 56)
Bottom of the 2nd over - 0 run(s), 0 hit(s), 0 error(s), 1 left on base; Mile High 1 - Mexico City 0
TOP OF THE 3RD
Mile High Broncos batting - Pitching for Mexico City Cerveceros : RHP Honorato Mota
Batting: RHB Francisco Medina 0-0: Ball
1-0: SINGLE (Line Drive, 34)
Batting: RHB José Herrera 0-0: 2-RUN HOME RUN (Line Drive, 7D), Distance : 349 ft
Batting: RHB Su-kweon Yu 0-0: Fly out, F8 (Flyball, 8RXD)
Batting: RHB António Martínez 0-0: Called Strike
0-1: Ball
1-1: Fly out, F4 (Popup, 34)
Batting: LHB Bill Houston 0-0: Called Strike
0-1: SINGLE (Groundball, 4MS)
Batting: RHB Matt Silver 0-0: Foul Ball, location: 2F
0-1: Fly out, F8 (Flyball, 78D)
Top of the 3rd over - 2 run(s), 3 hit(s), 0 error(s), 1 left on base; Mile High 3 - Mexico City 0
BOTTOM OF THE 3RD
Mexico City Cerveceros batting - Pitching for Mile High Broncos : RHP Fernand Picard
Batting: LHB John Nicholson 0-0: Foul Ball, location: 2F
0-1: Ball
1-1: Foul Ball, location: 2F
1-2: SINGLE (Line Drive, 8LS)
Batting: RHB Henning Huisman 0-0: Ball
1-0: Fly out, F4 (Popup, 34)
Batting: LHB Juan García 0-0: Ball
1-0: Called Strike
Throwing error on steal attempt, E2
John Nicholson to third
1-1: Foul Ball, location: 2F
1-2: Ball
2-2: Strikes out looking
Batting: RHB Murai Ishihara 0-0: Ball
1-0: Ball
2-0: Fly out, F7 (Flyball, 78S)
Bottom of the 3rd over - 0 run(s), 1 hit(s), 1 error(s), 1 left on base; Mile High 3 - Mexico City 0
TOP OF THE 4TH
Mile High Broncos batting - Pitching for Mexico City Cerveceros : RHP Honorato Mota
Batting: SHB Tom Stevens 0-0: Ball
1-0: Ground out 1-3 (Groundball, 15)
Batting: RHB José Rodríguez 0-0: Called Strike
0-1: Ball
1-1: Called Strike
1-2: Ball
2-2: Strikes out swinging
Batting: SHB Paco Martínez 0-0: Ball
1-0: Ball
2-0: Swinging Strike
2-1: Foul Ball, location: 2F
2-2: Ball
3-2: Fly out, F9 (Flyball, 89M)
Top of the 4th over - 0 run(s), 0 hit(s), 0 error(s), 0 left on base; Mile High 3 - Mexico City 0
BOTTOM OF THE 4TH
Mexico City Cerveceros batting - Pitching for Mile High Broncos : RHP Fernand Picard
Batting: RHB Dave Morgan 0-0: Called Strike
0-1: Foul Ball, location: 2F
0-2: Ball
1-2: Ball
2-2: Ground out 5-3 (Groundball, 56S)
Batting: LHB Brandon Cummings 0-0: Called Strike
0-1: Ball
1-1: Fly out, F8 (Flyball, 8RXD)
Batting: RHB Jesús Torres 0-0: Ball
1-0: Fly out, F4 (Popup, 4M)
Bottom of the 4th over - 0 run(s), 0 hit(s), 0 error(s), 0 left on base; Mile High 3 - Mexico City 0
TOP OF THE 5TH
Mile High Broncos batting - Pitching for Mexico City Cerveceros : RHP Honorato Mota
Batting: RHB Francisco Medina 0-0: Ball
1-0: Foul Ball, location: 2F
1-1: Ground out 4-3 (Groundball, 4)
Batting: RHB José Herrera 0-0: Called Strike
0-1: Swinging Strike
0-2: Foul Ball, location: 2F
0-2: Foul Ball, location: 2F
0-2: Ball
1-2: Foul Ball, location: 2F
1-2: Ball
2-2: Foul Ball, location: 2F
2-2: Ball
3-2: Ground out 4-3 (Groundball, 4)
Batting: RHB Su-kweon Yu 0-0: Called Strike
0-1: Called Strike
0-2: Foul Ball, location: 2F
0-2: Ground out 5-3 (Groundball, 5S)
Top of the 5th over - 0 run(s), 0 hit(s), 0 error(s), 0 left on base; Mile High 3 - Mexico City 0
BOTTOM OF THE 5TH
Mexico City Cerveceros batting - Pitching for Mile High Broncos : RHP Fernand Picard
Batting: RHB Jorge González 0-0: Foul Ball, location: 2F
0-1: Swinging Strike
0-2: Strikes out swinging
Batting: RHB Orlando González 0-0: Called Strike
0-1: Foul Ball, location: 2F
0-2: Strikes out swinging
Batting: LHB John Nicholson 0-0: DOUBLE (Flyball, 8LXD)
Batting: RHB Henning Huisman 0-0: Ball
1-0: Foul Ball, location: 2F
1-1: Ball
2-1: Fly out, F7 (Line Drive, 78S)
Bottom of the 5th over - 0 run(s), 1 hit(s), 0 error(s), 1 left on base; Mile High 3 - Mexico City 0
TOP OF THE 6TH
Mile High Broncos batting - Pitching for Mexico City Cerveceros : RHP Honorato Mota
Pitching: LHP Daniel Draper
Batting: RHB António Martínez 0-0: Foul Ball, location: 2F
0-1: Called Strike
0-2: Ball
1-2: Ball
2-2: Strikes out swinging
Batting: LHB Bill Houston 0-0: Ball
1-0: SINGLE (Groundball, 3D)
Batting: RHB Matt Silver 0-0: Ball
1-0: Swinging Strike
1-1: Ball
2-1: Foul Ball, location: 2F
2-2: Grounds into double play, 6-4-3 (Groundball, 6)
Top of the 6th over - 0 run(s), 1 hit(s), 0 error(s), 0 left on base; Mile High 3 - Mexico City 0
BOTTOM OF THE 6TH
Mexico City Cerveceros batting - Pitching for Mile High Broncos : RHP Fernand Picard
Batting: LHB Juan García 0-0: Foul Ball, location: 2F
0-1: Ball
1-1: Called Strike
1-2: Foul Ball, location: 2F
1-2: Fly out, F5 (Popup, 5SF)
Batting: RHB Murai Ishihara 0-0: Called Strike
0-1: Swinging Strike
0-2: Strikes out swinging
Batting: RHB Dave Morgan 0-0: Foul Ball, location: 2F
0-1: Ball
1-1: Ground out 6-3 (Groundball, 6M)
Bottom of the 6th over - 0 run(s), 0 hit(s), 0 error(s), 0 left on base; Mile High 3 - Mexico City 0
TOP OF THE 7TH
Mile High Broncos batting - Pitching for Mexico City Cerveceros : LHP Daniel Draper
Batting: SHB Tom Stevens 0-0: Ball
1-0: Swinging Strike
1-1: Swinging Strike
1-2: Ball
2-2: Foul Ball, location: 2F
2-2: Foul Ball, location: 2F
2-2: Fly out, F6 (Line Drive, 6)
Batting: RHB José Rodríguez 0-0: Ball
1-0: Fly out, F6 (Popup, 6MD)
Batting: SHB Paco Martínez 0-0: Ball
1-0: SINGLE (Groundball, 5L)
Batting: RHB Francisco Medina 0-0: Ball
1-0: Ground out 5-3 (Groundball, 5S)
Top of the 7th over - 0 run(s), 1 hit(s), 0 error(s), 1 left on base; Mile High 3 - Mexico City 0
BOTTOM OF THE 7TH
Mexico City Cerveceros batting - Pitching for Mile High Broncos : RHP Fernand Picard
Batting: LHB Brandon Cummings 0-0: Ball
1-0: Ball
2-0: Ground out 3-1 (Groundball, 34S)
Pitching: LHP Robin Wilder
Batting: RHB Jesús Torres 0-0: Ball
1-0: Ball
2-0: Ball
3-0: Foul Ball, location: 2F
3-1: Swinging Strike
3-2: Foul Ball, location: 2F
3-2: Strikes out looking
Batting: RHB Jorge González 0-0: Foul Ball, location: 2F
0-1: Foul Ball, location: 2F
0-2: Fly out, F4 (Popup, 3D)
Bottom of the 7th over - 0 run(s), 0 hit(s), 0 error(s), 0 left on base; Mile High 3 - Mexico City 0
TOP OF THE 8TH
Mile High Broncos batting - Pitching for Mexico City Cerveceros : LHP Daniel Draper
Pitching: RHP Jonathan Long
Batting: RHB José Herrera 0-0: Called Strike
0-1: Called Strike
0-2: Ball
1-2: Strikes out swinging
Batting: RHB Su-kweon Yu 0-0: Ball
1-0: Ball
2-0: Called Strike
2-1: Swinging Strike
2-2: Ball
3-2: Strikes out swinging
Batting: RHB António Martínez 0-0: Called Strike
0-1: Called Strike
0-2: Ball
1-2: Strikes out swinging
Top of the 8th over - 0 run(s), 0 hit(s), 0 error(s), 0 left on base; Mile High 3 - Mexico City 0
BOTTOM OF THE 8TH
Mexico City Cerveceros batting - Pitching for Mile High Broncos : LHP Robin Wilder
Now at 1B: Juan Medina
Batting: RHB Orlando González 0-0: Called Strike
0-1: Ball
1-1: SINGLE (Groundball, 6)
Pitching: LHP Jorge García
Batting: LHB John Nicholson 0-0: Ball
Wild Pitch!
Orlando González to second
1-0: Ground out 4-3 (Groundball, 4M)
Orlando González to third
Batting: RHB Henning Huisman 0-0: Called Strike
0-1: Called Strike
0-2: Ball
1-2: Ball
2-2: Strikes out swinging
Batting: LHB Juan García 0-0: Foul Ball, location: 2F
0-1: Ball
1-1: Swinging Strike
1-2: Foul Ball, location: 2F
1-2: Ball
2-2: Ball
3-2: Foul Ball, location: 2F
3-2: Foul Ball, location: 2F
3-2: Foul Ball, location: 2F
3-2: Ground out 3-1 (Groundball, 34)
Bottom of the 8th over - 0 run(s), 1 hit(s), 0 error(s), 1 left on base; Mile High 3 - Mexico City 0
TOP OF THE 9TH
Mile High Broncos batting - Pitching for Mexico City Cerveceros : RHP Jonathan Long
Batting: LHB Bill Houston 0-0: SINGLE (Line Drive, 6D)
Batting: RHB Matt Silver 0-0: Ball
1-0: DOUBLE (Line Drive, 78M)
Bill Houston to third
Batting: SHB Tom Stevens 0-0: Called Strike
0-1: Swinging Strike
0-2: Ball
1-2: Strikes out swinging
Batting: RHB José Rodríguez 0-0: Ball
1-0: Ball
2-0: Called Strike
2-1: Called Strike
2-2: Ground out 5-3 (Groundball, 56S)
Pitching: RHP Raúl Gómez
Batting: SHB Paco Martínez 0-0: Called Strike
0-1: Ball
1-1: Called Strike
1-2: Fly out, F7 (Flyball, 7LM)
Top of the 9th over - 0 run(s), 2 hit(s), 0 error(s), 2 left on base; Mile High 3 - Mexico City 0
BOTTOM OF THE 9TH
Mexico City Cerveceros batting - Pitching for Mile High Broncos : LHP Jorge García
Pitching: RHP Wilson Martínez
Batting: RHB Murai Ishihara 0-0: Ball
1-0: Fly out, F4 (Popup, 4D)
Batting: RHB Dave Morgan 0-0: Foul Ball, location: 2F
0-1: Foul Ball, location: 2F
0-2: Ball
1-2: Strikes out looking
Batting: LHB Brandon Cummings 0-0: Ball
1-0: Ball
2-0: Ball
3-0: Called Strike
3-1: Foul Ball, location: 2F
3-2: Foul Ball, location: 2F
3-2: SINGLE (Groundball, 4MD)
Batting: RHB Jesús Torres 0-0: Ball
1-0: SINGLE (Flyball, 8RS)
Brandon Cummings to second
Runner from 2nd tries for 3rd, SAFE, throw made to third
Pinch Hitting: LHB Francisco Franco 0-0: Ball
1-0: Ball
2-0: Ball
3-0: Called Strike
3-1: Fly out, F7 (Flyball, 7LMF)
Bottom of the 9th over - 0 run(s), 2 hit(s), 0 error(s), 2 left on base; Mile High 3 - Mexico City 0
This league is powered by Out of the Park Baseball, the baseball management simulation game for PC, Mac and Linux
Tuesday, August 2nd, 2016 - OOTP Baseball 16.8 Build 38